SAAA
ALLOWAY HALBERDS @ PHOENIX HOTSPUR RESERVES
08/20/2023
 
TOP OF THE 1ST
Alloway Halberds batting - Pitching for Phoenix Hotspur Reserves : RHP Ángel Navarro
Pitching: RHP Ángel Navarro
Batting: RHB Juan Salinas 0-0: Called Strike
0-1: SINGLE (Line Drive, 7LS)
Batting: RHB Tracy Larson 0-0: Foul Ball, location: 2F
0-1: Ball
1-1: Foul Ball, location: 2F
1-2: Strikes out swinging
Batting: RHB Stan Barnes 0-0: Swinging Strike
0-1: Fly out, F8 (Flyball, 8RM)
Batting: RHB Juan Martínez 0-0: Ball
1-0: Called Strike
1-1: Foul Ball, location: 2F
1-2: Ball
2-2: Strikes out swinging
Top of the 1st over - 0 run(s), 1 hit(s), 0 error(s), 1 left on base; Alloway 0 - Phoenix 0
BOTTOM OF THE 1ST
Phoenix Hotspur Reserves batting - Pitching for Alloway Halberds : RHP Jim Unknown
Pitching: RHP Jim Unknown
Batting: RHB David Rivas 0-0: Ball
1-0: Ball
2-0: Called Strike
2-1: Ball
3-1: Called Strike
3-2: Base on Balls
Batting: RHB Satoshi Terada 0-0: Called Strike
0-1: Grounds into double play, 6-4-3 (Groundball, 6M)
Batting: SHB Roberto López 0-0: Ball
1-0: Ball
2-0: Foul Ball, location: 2F
2-1: Swinging Strike
2-2: Foul Ball, location: 2F
2-2: Ball
3-2: Ground out U3 (Groundball, 3S)
Bottom of the 1st over - 0 run(s), 0 hit(s), 0 error(s), 0 left on base; Alloway 0 - Phoenix 0
TOP OF THE 2ND
Alloway Halberds batting - Pitching for Phoenix Hotspur Reserves : RHP Ángel Navarro
Batting: RHB Dennis Clifton 0-0: Ball
1-0: Ball
2-0: Ball
3-0: Called Strike
3-1: Foul Ball, location: 2F
3-2: Strikes out looking
Batting: RHB Dave Ash 0-0: Ball
1-0: Called Strike
1-1: Foul Ball, location: 2F
1-2: Ground out 5-3 (Groundball, 56)
Batting: SHB Ron Peterson 0-0: Ball
1-0: SINGLE (Groundball, 56)
Batting: RHB Jonathan Cundall 0-0: Foul Ball, location: 2F
0-1: Foul Ball, location: 2F
0-2: Strikes out swinging
Top of the 2nd over - 0 run(s), 1 hit(s), 0 error(s), 1 left on base; Alloway 0 - Phoenix 0
BOTTOM OF THE 2ND
Phoenix Hotspur Reserves batting - Pitching for Alloway Halberds : RHP Jim Unknown
Batting: SHB Pedro Gómez 0-0: Called Strike
0-1: Ball
1-1: Called Strike
1-2: Foul Ball, location: 2F
1-2: Hit by Pitch
Batting: RHB Ángel Rivera 0-0: Grounds into double play, 5-4-3 (Groundball, 56)
Batting: RHB Al Thomas 0-0: Called Strike
0-1: Ball
1-1: Foul Ball, location: 2F
1-2: Ball
2-2: Foul Ball, location: 2F
2-2: Foul Ball, location: 2F
2-2: Fly out, F7 (Flyball, 78M)
Bottom of the 2nd over - 0 run(s), 0 hit(s), 0 error(s), 0 left on base; Alloway 0 - Phoenix 0
TOP OF THE 3RD
Alloway Halberds batting - Pitching for Phoenix Hotspur Reserves : RHP Ángel Navarro
Batting: SHB Pancho De La Rosa 0-0: Called Strike
0-1: Ball
1-1: Swinging Strike
1-2: Strikes out swinging
Batting: RHB Juan Salinas 0-0: Ball
1-0: Foul Ball, location: 2F
1-1: Ball
2-1: Ball
3-1: SINGLE (Groundball, 56)
Batting: RHB Tracy Larson 0-0: Ball
1-0: Ball
2-0: Called Strike
2-1: Swinging Strike
2-2: Ball
3-2: Strikes out swinging
Batting: RHB Stan Barnes 0-0: Ball
1-0: Ball
2-0: Ball
3-0: Called Strike
3-1: Base on Balls
Juan Salinas to second
Batting: RHB Juan Martínez 0-0: Called Strike
0-1: Called Strike
0-2: Strikes out swinging
Top of the 3rd over - 0 run(s), 1 hit(s), 0 error(s), 2 left on base; Alloway 0 - Phoenix 0
BOTTOM OF THE 3RD
Phoenix Hotspur Reserves batting - Pitching for Alloway Halberds : RHP Jim Unknown
Batting: RHB Mike Alford 0-0: Ground out 4-3 (Groundball, 4)
Batting: LHB Derek Blair 0-0: Ground out U3 (Groundball, 3S)
Batting: LHB Clark Espinosa 0-0: Ball
1-0: TRIPLE (Flyball, 8RM)
Batting: RHB David Rivas 0-0: Ball
1-0: Called Strike
1-1: Foul Ball, location: 2F
1-2: Ball
2-2: Fly out, F4 (Line Drive, 4)
Bottom of the 3rd over - 0 run(s), 1 hit(s), 0 error(s), 1 left on base; Alloway 0 - Phoenix 0
TOP OF THE 4TH
Alloway Halberds batting - Pitching for Phoenix Hotspur Reserves : RHP Ángel Navarro
Batting: RHB Dennis Clifton 0-0: Called Strike
0-1: Foul Ball, location: 2F
0-2: DOUBLE (Line Drive, 56D)
Batting: RHB Dave Ash 0-0: Ball
1-0: Ball
2-0: Called Strike
2-1: Ground out 4-3 (Groundball, 4)
Dennis Clifton to third
Batting: SHB Ron Peterson 0-0: DOUBLE (Line Drive, 7LM)
Dennis Clifton scores
Batting: RHB Jonathan Cundall 0-0: Ball
1-0: Called Strike
1-1: Ball
2-1: Ball
3-1: Base on Balls
Batting: SHB Pancho De La Rosa 0-0: Ball
1-0: Ball
2-0: Foul Ball, location: 2F
2-1: Swinging Strike
2-2: Ball
3-2: Base on Balls
Ron Peterson to third
Jonathan Cundall to second
Pitching: RHP Roderick Draper
Batting: RHB Juan Salinas 0-0: Called Strike
0-1: Ball
1-1: DOUBLE (Line Drive, 78XD)
Ron Peterson scores
Jonathan Cundall scores
Pancho De La Rosa to third
Batting: RHB Tracy Larson 0-0: Called Strike
0-1: Ball
1-1: Fly out, F8 (Flyball, 6MD)
Runner from 3rd tags up, SCORES, no throw
Batting: RHB Stan Barnes 0-0: Ball
1-0: Swinging Strike
1-1: Ground out 6-3 (Groundball, 56)
Top of the 4th over - 4 run(s), 3 hit(s), 0 error(s), 1 left on base; Alloway 4 - Phoenix 0
BOTTOM OF THE 4TH
Phoenix Hotspur Reserves batting - Pitching for Alloway Halberds : RHP Jim Unknown
Batting: RHB Satoshi Terada 0-0: Ball
1-0: Called Strike
1-1: Foul Ball, location: 2F
1-2: Ball
2-2: Foul Ball, location: 2F
2-2: Ground out 6-3 (Groundball, 6)
Batting: SHB Roberto López 0-0: Ball
1-0: Swinging Strike
1-1: Swinging Strike
1-2: Ball
2-2: Ground out 3-1 (Groundball, 34)
Batting: SHB Pedro Gómez 0-0: Called Strike
0-1: Ball
1-1: Ball
2-1: Fly out, F7 (Flyball, 78M)
Bottom of the 4th over - 0 run(s), 0 hit(s), 0 error(s), 0 left on base; Alloway 4 - Phoenix 0
TOP OF THE 5TH
Alloway Halberds batting - Pitching for Phoenix Hotspur Reserves : RHP Roderick Draper
Batting: RHB Juan Martínez 0-0: Swinging Strike
0-1: Called Strike
0-2: Foul Ball, location: 2F
0-2: Ball
1-2: Strikes out swinging
Batting: RHB Dennis Clifton 0-0: Ball
1-0: Ball
2-0: Ball
3-0: Called Strike
3-1: Foul Ball, location: 2F
3-2: Ground out 4-3 (Groundball, 4)
Batting: RHB Dave Ash 0-0: Called Strike
0-1: Ball
1-1: Ball
2-1: Ground out 4-3 (Groundball, 4)
Top of the 5th over - 0 run(s), 0 hit(s), 0 error(s), 0 left on base; Alloway 4 - Phoenix 0
BOTTOM OF THE 5TH
Phoenix Hotspur Reserves batting - Pitching for Alloway Halberds : RHP Jim Unknown
Batting: RHB Ángel Rivera 0-0: Called Strike
0-1: Fly out, F7 (Line Drive, 7M)
Batting: RHB Al Thomas 0-0: Called Strike
0-1: SINGLE (Line Drive, 56D)
Batting: RHB Mike Alford 0-0: Ball
1-0: Called Strike
1-1: Swinging Strike
1-2: Strikes out looking
Batting: LHB Derek Blair 0-0: Called Strike
0-1: Foul Ball, location: 2F
0-2: Ball
1-2: Foul Ball, location: 2F
1-2: Ground out U3 (Groundball, 3S)
Bottom of the 5th over - 0 run(s), 1 hit(s), 0 error(s), 1 left on base; Alloway 4 - Phoenix 0
TOP OF THE 6TH
Alloway Halberds batting - Pitching for Phoenix Hotspur Reserves : RHP Roderick Draper
Batting: SHB Ron Peterson 0-0: Ground out 6-3 (Groundball, 6)
Batting: RHB Jonathan Cundall 0-0: Ball
1-0: Swinging Strike
1-1: Ball
2-1: SINGLE (Line Drive, 6D)
Batting: SHB Pancho De La Rosa 0-0: Ball
1-0: Ball
2-0: Called Strike
2-1: Called Strike
2-2: Strikes out looking
Batting: RHB Juan Salinas 0-0: Ball
1-0: Foul Ball, location: 2F
1-1: Ball
2-1: Ball
3-1: Base on Balls
Jonathan Cundall to second
Batting: RHB Tracy Larson 0-0: DOUBLE (Line Drive, 78XD)
Jonathan Cundall scores
Juan Salinas to third
Runner from 3rd tries for Home, SAFE, no throw or cutoff
Batting: RHB Stan Barnes 0-0: Ball
1-0: Ball
2-0: SINGLE (Groundball, 6MD)
Tracy Larson to third
Runner from 3rd tries for Home, SAFE, no throw or cutoff
Pitching: LHP Elroy Gardner
Batting: RHB Juan Martínez 0-0: Ball
1-0: Ball
2-0: Called Strike
2-1: Ball
3-1: Base on Balls
Stan Barnes to second
Batting: RHB Dennis Clifton 0-0: Called Strike
0-1: Swinging Strike
0-2: Foul Ball, location: 2F
0-2: Ball
1-2: Foul Ball, location: 2F
1-2: Foul Ball, location: 2F
1-2: Ball
Wild Pitch!
Stan Barnes to third
Juan Martínez to second
2-2: Ball
3-2: SINGLE (Line Drive, 56)
Stan Barnes scores
Juan Martínez to third
Juan Martínez scores
Batting: RHB Dave Ash 0-0: Called Strike
0-1: Ball
1-1: Called Strike
1-2: Ball
2-2: Strikes out swinging
Top of the 6th over - 5 run(s), 4 hit(s), 0 error(s), 1 left on base; Alloway 9 - Phoenix 0
BOTTOM OF THE 6TH
Phoenix Hotspur Reserves batting - Pitching for Alloway Halberds : RHP Jim Unknown
Batting: LHB Clark Espinosa 0-0: Ball
1-0: Ball
2-0: Ball
3-0: Called Strike
3-1: Base on Balls
Batting: RHB David Rivas 0-0: Ball
1-0: Ground out U3 (Groundball, 3S)
Clark Espinosa to second
Batting: RHB Satoshi Terada 0-0: Foul Ball, location: 2F
0-1: Ground out 4-3 (Groundball, 4)
Clark Espinosa to third
Batting: SHB Roberto López 0-0: Foul Ball, location: 2F
0-1: Ground out 4-3 (Groundball, 34)
Bottom of the 6th over - 0 run(s), 0 hit(s), 0 error(s), 1 left on base; Alloway 9 - Phoenix 0
TOP OF THE 7TH
Alloway Halberds batting - Pitching for Phoenix Hotspur Reserves : LHP Elroy Gardner
Batting: SHB Ron Peterson 0-0: Ball
1-0: Ball
2-0: Called Strike
2-1: Foul Ball, location: 2F
2-2: Ball
3-2: Foul Ball, location: 2F
3-2: Foul Ball, location: 2F
3-2: Fly out, F8 (Flyball, 8RM)
Batting: RHB Jonathan Cundall 0-0: Called Strike
0-1: Ball
1-1: Foul Ball, location: 2F
1-2: Foul Ball, location: 2F
1-2: Ball
2-2: Ball
3-2: Foul Ball, location: 2F
3-2: Strikes out looking
Batting: SHB Pancho De La Rosa 0-0: Fly out, F9 (Flyball, 89M)
Top of the 7th over - 0 run(s), 0 hit(s), 0 error(s), 0 left on base; Alloway 9 - Phoenix 0
BOTTOM OF THE 7TH
Phoenix Hotspur Reserves batting - Pitching for Alloway Halberds : RHP Jim Unknown
Batting: SHB Pedro Gómez 0-0: Ball
1-0: Called Strike
1-1: Ball
2-1: Ball
3-1: Foul Ball, location: 2F
3-2: Fly out, F3 (Popup, 34)
Batting: RHB Ángel Rivera 0-0: Called Strike
0-1: Swinging Strike
0-2: Strikes out swinging
Batting: RHB Al Thomas 0-0: Ball
1-0: Ball
2-0: Called Strike
2-1: SINGLE (Line Drive, 56)
Batting: RHB Mike Alford 0-0: Called Strike
0-1: Foul Ball, location: 2F
0-2: Foul Ball, location: 2F
0-2: Foul Ball, location: 2F
0-2: Ball
1-2: Ball
2-2: Strikes out looking
Bottom of the 7th over - 0 run(s), 1 hit(s), 0 error(s), 1 left on base; Alloway 9 - Phoenix 0
TOP OF THE 8TH
Alloway Halberds batting - Pitching for Phoenix Hotspur Reserves : LHP Elroy Gardner
Batting: RHB Juan Salinas 0-0: Ball
1-0: Ball
2-0: Ball
3-0: Foul Ball, location: 2F
3-1: Foul Ball, location: 2F
3-2: SINGLE (Groundball, 6MD)
Batting: RHB Tracy Larson 0-0: Bunted foul
0-1: Sac Bunt - play at first, batter OUT! 5-4
Juan Salinas to second
Batting: RHB Stan Barnes 0-0: Ball
1-0: Ball
2-0: Ball
3-0: Base on Balls
Batting: RHB Juan Martínez 0-0: Ball
1-0: Ball
2-0: Ball
3-0: Called Strike
3-1: Called Strike
3-2: Foul Ball, location: 2F
3-2: Grounds into double play, 6-4-3 (Groundball, 6)
Top of the 8th over - 0 run(s), 1 hit(s), 0 error(s), 1 left on base; Alloway 9 - Phoenix 0
BOTTOM OF THE 8TH
Phoenix Hotspur Reserves batting - Pitching for Alloway Halberds : RHP Jim Unknown
Batting: LHB Derek Blair 0-0: Called Strike
0-1: Foul Ball, location: 2F
0-2: Fly out, F8 (Flyball, 8LM)
Batting: LHB Clark Espinosa 0-0: Ball
1-0: Ball
2-0: Called Strike
2-1: Ball
3-1: Called Strike
3-2: Ground out 4-3 (Groundball, 4)
Batting: RHB David Rivas 0-0: Foul Ball, location: 2F
0-1: Ball
1-1: Ball
2-1: Fly out, F4 (Popup, 3F)
Bottom of the 8th over - 0 run(s), 0 hit(s), 0 error(s), 0 left on base; Alloway 9 - Phoenix 0
TOP OF THE 9TH
Alloway Halberds batting - Pitching for Phoenix Hotspur Reserves : LHP Elroy Gardner
Pitching: RHP Richard Carlson
Batting: RHB Dennis Clifton 0-0: Ball
1-0: Ball
2-0: Called Strike
2-1: Foul Ball, location: 2F
2-2: Foul Ball, location: 2F
2-2: Foul Ball, location: 2F
2-2: Ball
3-2: Fly out, F3 (Popup, 3F)
Batting: RHB Dave Ash 0-0: Ball
1-0: Ball
2-0: Foul Ball, location: 2F
2-1: Ball
3-1: Base on Balls
Batting: SHB Ron Peterson 0-0: Ball
1-0: Called Strike
1-1: SINGLE (Popup, 8RS)
Dave Ash to second
Batting: RHB Jonathan Cundall 0-0: Called Strike
0-1: Called Strike
0-2: Strikes out swinging
Batting: SHB Pancho De La Rosa 0-0: Foul Ball, location: 2F
0-1: SINGLE (Line Drive, 6M)
Dave Ash to third
Ron Peterson to second
Runner from 3rd tries for Home, SAFE, throw made at trailing runner, SAFE at third!
Batting: RHB Juan Salinas 0-0: Ball
1-0: Ball
2-0: Ground out 4-3 (Groundball, 4)
Top of the 9th over - 1 run(s), 2 hit(s), 0 error(s), 2 left on base; Alloway 10 - Phoenix 0
BOTTOM OF THE 9TH
Phoenix Hotspur Reserves batting - Pitching for Alloway Halberds : RHP Jim Unknown
Batting: RHB Satoshi Terada 0-0: Called Strike
0-1: Ball
1-1: Ball
2-1: Ball
3-1: Foul Ball, location: 2F
3-2: Base on Balls
Pitching: RHP Jim Unknown
Batting: SHB Roberto López 0-0: Called Strike
0-1: Ball
1-1: Foul Ball, location: 2F
1-2: Foul Ball, location: 2F
1-2: Strikes out swinging
Pinch Hitting: SHB Jesús González 0-0: Fly out, F5 (Popup, 5SF)
Batting: RHB Ángel Rivera 0-0: Called Strike
0-1: Foul Ball, location: 2F
0-2: Foul Ball, location: 2F
0-2: Foul Ball, location: 2F
0-2: Fielders Choice at 2nd, U4 (Groundball, 4M)
Bottom of the 9th over - 0 run(s), 0 hit(s), 0 error(s), 1 left on base; Alloway 10 - Phoenix 0
This league is powered by Out of the Park Baseball, the baseball management simulation game for PC, Mac and Linux
Friday, July 8th, 2016 - OOTP Baseball 16.9 Build 39